 Dungeon Sprint DCSS version 0.29-a0-1006-g0dd7720b37 (webtiles) character file.

Game seed: 9823184162101571542

3728 mhtbhm the Grappler (level 9, -7/134 HPs)
             Began as a Black Draconian Transmuter on Aug 6, 2022.
             Was an Initiate of Gozag.
             Mangled by a komodo dragon (16 damage)
             ... in the Dungeon (Sprint III: "The Ten Rune Challenge").
             The game lasted 00:03:31 (1965 turns).

mhtbhm the Grappler (Black Draconian Transmuter)    Turns: 1965, Time: 00:03:32

Health: -7/134     AC:  8    Str: 17    XL:     9   Next: 92%
Magic:  18/23      EV: 12    Int: 14    God:    Gozag
Gold:   1399       SH:  0    Dex: 11    Spells: 18/28 levels left

rFire   x . .      SeeInvis .     - Unarmed
rCold   + + +      Faith    .   (shield currently unavailable)
rNeg    . . .      Spirit   .   (body armour unavailable)
rPois   +          Reflect  .   (helmet currently unavailable)
rElec   .          Harm     .   (cloak currently unavailable)
rCorr   .          Rampage  .   (gloves currently unavailable)
Will    .....      NoTele   +   (boots currently unavailable)
Stlth   ..........              (no amulet)
HPRegen 0.32/turn               (no ring)
MPRegen 0.18/turn               (no ring)

@: berserking, ice-form, wereblooded, gold aura, very quick
A: freezing attack, amphibious, boosted hp, (breathe lightning), AC +7, large,
unfitting armour, (electricity resistance), (cold-blooded)
a: End Transformation, Renounce Religion, Potion Petition, Call Merchant, Bribe
Branch


You were in the Dungeon.
You worshipped Gozag.
Gozag was most pleased with you.
You were a creature of crystalline ice.
You visited 1 branch You collected 1399 gold pieces.

Inventory:

Scrolls
 f - a scroll of torment {unknown}
 i - a scroll of identify {unknown}
 k - a scroll of poison {unknown}
 l - a scroll of enchant armour {unknown}
Potions
 c - 3 potions of mutation {unknown}
 e - 3 potions of magic
 g - a potion of might
 h - a potion of degeneration {unknown}
 j - 3 potions of flight
Miscellaneous
 a - a phantom mirror


   Skills:
 + Level 6.0 Fighting
 + Level 6.9 Dodging
 + Level 7.9 Stealth
 + Level 13.7 Unarmed Combat
 + Level 10.1 Spellcasting
 + Level 9.5 Transmutations
 + Level 3.8 Ice Magic
 + Level 1.2 Poison Magic
 + Level 1.3 Evocations


You had 18 spell levels left.
You knew the following spells:

 Your Spells              Type           Power      Damage    Failure   Level
a - Beastly Appendage     Tmut           66%        N/A       1%          1
b - Wereblood             Tmut           33%        N/A       1%          2
c - Spider Form           Tmut/Pois      22%        N/A       3%          3
d - Ice Form              Ice/Tmut       25%        N/A       7%          4

Your spell library contained the following spells:

 Spells                   Type           Power      Damage    Failure   Level
 Ozocubu's Armour         Ice            17%        N/A       6%          3
 Ensorcelled Hibernation  Hex/Ice        24%        N/A       7%          2
 Anguish                  Hex/Necr       3%         N/A       71%         4
 Ozocubu's Refrigeration  Ice            8%         4d9       100%        7


Dungeon Overview and Level Annotations

Branches:
Dungeon (1/1)

Altars:
Cheibriados
Dithmenos
Elyvilon
Fedhas
Gozag
Hepliaklqana
Kikubaaqudgha
Makhleb
Nemelex Xobeh
Okawaru
Qazlal
Ru
Sif Muna
Trog
Uskayaw
Vehumet
Wu Jian
Xom
Yredelemnul
Zin
The Shining One
Jiyva
Lugonu


Innate Abilities, Weirdness & Mutations

You are a creature of crystalline ice.
You have a powerful freezing melee attack.
You are amphibious.
Your maximum health is increased.
Your armour is entirely melded.
You are incapable of wielding weapons or throwing items.
((You can breathe wild blasts of lightning.))
((Your glossy black scales are hard. (AC +7)))
You cannot fit into any form of body armour.
((You are resistant to electric shocks. (rElec)))
((You are cold-blooded and may be slowed by cold attacks.))


Message History

Your Spellcasting skill increases to level 10!
You completely miss the komodo dragon. You pummel the komodo dragon!!
You freeze the komodo dragon!
The komodo dragon is severely wounded.
The komodo dragon bites you!!
You are too injured to fight recklessly!
You are too injured to fight recklessly!
You are too injured to fight recklessly!
You are too injured to fight recklessly!
You are too injured to fight recklessly!
You are too injured to fight recklessly!
You are too injured to fight recklessly!
You are too injured to fight recklessly!
You are too injured to fight recklessly!
You are too injured to fight recklessly!
You are too injured to fight recklessly!
You are too injured to fight recklessly!
You are too injured to fight recklessly!
You are too injured to fight recklessly!
You are too injured to fight recklessly!
You are too injured to fight recklessly!
You are too injured to fight recklessly!
You hit the komodo dragon. You freeze the komodo dragon.
The komodo dragon is almost dead.
The komodo dragon bites you!!
* * * LOW HITPOINT WARNING * * *
The cane toad is distracted by your dazzling golden aura.
The cane toad gives a loud, deep croak!
Press: ? - help, v - describe, . - travel, g - get item
Here: a komodo dragon (almost dead) Item here: 72 gold pieces.
Some shallow water.
Okay, then.
Okay, then.
A red film seems to cover your vision as you go berserk!
You feel yourself moving faster!
You feel mighty!
The cane toad is no longer distracted by gold.
The komodo dragon bites you!
You die...
Your body crumbles into a pile of gold.

~≈≈~~~♣♣.#...######'# $ $$$ $ $
~≈~~~....#.⌠.#__#...#+###########
≈~~~.....#...#__#...#.§§§§'.#.'..
~~.......#'###__#...#.#§§§#.#.#.)
.........#.).#__#...'.#§§§#.#.#.)
...†.....#___#__'...#.#§.§#...#).
▓▓▓▓▓▓▓▓▓▓▓▓▓▓▓▓▓▓▓▓▓▓▓▓▓▓▓▓▓▓▓▓▓
♣♣~~~........~~~..
♣Y♣≈≈≈≈≈≈≈≈≈≈≈≈♣..
#Fl♣♣♣♣♣♣♣♣♣♣♣♣♣♣... #.. ♣♣♣♣ ###


You could see a komodo dragon and a cane toad.

Vanquished Creatures
  A centaur warrior (D)
  Erica (D)
  A cane toad (D)
  An unseen horror (D)
  3 wandering mushrooms (D)
  A shadow (D)
  A spatial vortex (D)
  2 centaurs (D)
  An earth elemental (D)
  A necrophage (D)
  A water elemental (D)
  A jelly (D)
  A wizard (D)
  A necromancer (D)
  3 humans (D)
  A kobold demonologist (D)
  A wolf (D)
  An endoplasm (D)
  3 rats (D)
26 creatures vanquished.

Vanquished Creatures (collateral kills)
  A deep elf pyromancer (D)
1 creature vanquished.

Vanquished Creatures (others)
  2 plants (D)
2 creatures vanquished.

Grand Total: 29 creatures vanquished

Notes
Turn   | Place    | Note
-------+----------+-------------------------------------------
     0 | D        | mhtbhm the Draconian Transmuter began the quest for the
                  | Orb.
     0 | D        | Reached XP level 1. HP: 16/16 MP: 3/3
   217 | D        | Reached skill level 4 in Unarmed Combat
   217 | D        | Reached XP level 2. HP: 23/23 MP: 0/5
   268 | D        | Learned a level 2 spell: Wereblood
   281 | D        | Reached skill level 1 in Stealth
   281 | D        | Reached skill level 5 in Unarmed Combat
   281 | D        | Reached XP level 3. HP: 28/28 MP: 2/7
   326 | D        | Learned a level 3 spell: Spider Form
   339 | D        | Noticed a water elemental
   347 | D        | Killed a water elemental
   348 | D        | Reached skill level 6 in Unarmed Combat
   348 | D        | Reached XP level 4. HP: 35/35 MP: 7/9
   413 | D        | Learned a level 4 spell: Ice Form
   416 | D        | Noticed a shadow
   424 | D        | Killed a shadow
   425 | D        | Reached skill level 8 in Unarmed Combat
   425 | D        | Reached skill level 5 in Spellcasting
   425 | D        | Reached XP level 5. HP: 33/40 MP: 4/12
   429 | D        | Reached skill level 5 in Transmutations
   430 | D        | Found a blossoming altar of Fedhas.
   430 | D        | Found a stormy altar of Qazlal.
   430 | D        | Found a snail-covered altar of Cheibriados.
   430 | D        | Found a burning altar of Makhleb.
   430 | D        | Found a shimmering altar of Xom.
   431 | D        | Found a hazy altar of Hepliaklqana.
   431 | D        | Found an opulent altar of Gozag.
   431 | D        | Found a sparkling altar of Nemelex Xobeh.
   431 | D        | Found a corrupted altar of Lugonu.
   431 | D        | Found a viscous altar of Jiyva.
   431 | D        | Noticed a spatial vortex
   437 | D        | Became a worshipper of Gozag Ym Sagoz the Greedy
   440 | D        | Killed a spatial vortex
   441 | D        | Reached skill level 9 in Unarmed Combat
   441 | D        | Reached XP level 6. HP: 18/47 MP: 6/15
   826 | D        | Found a shadowy altar of Dithmenos.
   827 | D        | Found a basalt altar of Yredelemnul.
   827 | D        | Found a sacrificial altar of Ru.
   833 | D        | Reached skill level 5 in Dodging
   938 | D        | Found a glowing silver altar of Zin.
   939 | D        | Found a glowing golden altar of the Shining One.
   939 | D        | Found a white marble altar of Elyvilon.
   939 | D        | Noticed a deep elf pyromancer
   941 | D        | Noticed a fire elemental
   941 | D        | Noticed a fire elemental
   948 | D        | Killed a deep elf pyromancer
   949 | D        | Reached skill level 5 in Stealth
   949 | D        | Reached skill level 10 in Unarmed Combat
   949 | D        | Reached skill level 1 in Ice Magic
   949 | D        | Your scales start taking on a glossy black colour.
   949 | D        | Reached XP level 7. HP: 20/56 MP: 11/17
   949 | D        | Gained mutation: You are resistant to electric shocks.
                  | (rElec) [Black Draconian growth]
  1141 | D        | Found a hide-covered altar of Uskayaw.
  1141 | D        | Found an iron altar of Okawaru.
  1141 | D        | Found a bloodstained altar of Trog.
  1141 | D        | Found an ornate altar of the Wu Jian Council.
  1141 | D        | Noticed a human
  1141 | D        | Noticed a human
  1149 | D        | Killed a human
  1150 | D        | Reached XP level 8. HP: 48/62 MP: 12/19
  1154 | D        | Reached skill level 11 in Unarmed Combat
  1163 | D        | Found a radiant altar of Vehumet.
  1163 | D        | Found a shimmering blue altar of Sif Muna.
  1163 | D        | Found an ancient bone altar of Kikubaaqudgha.
  1293 | D        | Noticed Erica
  1303 | D        | Killed Erica
  1304 | D        | Reached skill level 12 in Unarmed Combat
  1304 | D        | Reached skill level 1 in Poison Magic
  1479 | D        | Noticed a centaur warrior
  1489 | D        | Killed a centaur warrior
  1490 | D        | Reached skill level 5 in Fighting
  1490 | D        | Reached skill level 1 in Evocations
  1490 | D        | Reached XP level 9. HP: 34/74 MP: 17/22
  1739 | D        | Killed an unseen horror
  1740 | D        | Reached skill level 13 in Unarmed Combat
  1866 | D        | Noticed a wandering mushroom
  1871 | D        | Noticed a wandering mushroom
  1873 | D        | Noticed a wandering mushroom
  1880 | D        | Killed a wandering mushroom
  1955 | D        | Noticed a cane toad
  1955 | D        | Noticed a komodo dragon
  1955 | D        | Noticed a cane toad
  1961 | D        | Killed a cane toad
  1962 | D        | Reached skill level 10 in Spellcasting
  1965 | D        | Mangled by a komodo dragon

Illustrated notes

Levels and vault maps discovered:
D:        dungeon_sprint_mu [sprint_mu_entry_forest, sprint_mu_temple_rooms,
          sprint_mu_d1_horrors, sprint_mu_d2_genie, sprint_mu_d3_branching,
          sprint_mu_orc_legion, sprint_mu_elf_gauntlet, sprint_mu_hive_nellie,
          sprint_mu_lair_fedhas, sprint_mu_vaults_butterflies,
          sprint_mu_slime_circle, sprint_mu_swamp_cave, sprint_mu_snake_twists,
          sprint_mu_blade_basic, sprint_mu_crypt_lich, sprint_mu_tomb_spiral,
          sprint_mu_vestibule_basic, sprint_mu_gehenna_hellfire,
          sprint_mu_dis_giant, sprint_mu_tartarus_statrot,
          sprint_mu_cocytus_islands, sprint_mu_zot1]

Skill      XL: |  1  2  3  4  5  6  7  8  9 |
---------------+----------------------------+-----
Dodging        | 2 3 4 5 6 |  6.9
Unarmed Combat | 4 5 6 8 9 10 12 13 | 13.7
Stealth        | 1 2 3 4 5 6 7 |  7.9
Spellcasting   | 3 5 6 7 9 10 | 10.1
Transmutations | 3 4 5 7 8 9 |  9.5
Fighting       | 2 5 6 |  6.0
Ice Magic      | 1 2 3 |  3.8
Poison Magic   | 1 |  1.2
Evocations     | 1 |  1.3

Action                   |  1- 3 |  4- 6 |  7- 9 || total
-------------------------+-------+-------+-------++-------
Melee: Unarmed           |    25 |    25 |    59 ||   109
       Kick              |     3 |       |       ||     3
       Headbutt          |     1 |       |       ||     1
       Punch             |     1 |       |       ||     1
       Tailslap          |     1 |       |       ||     1
 Cast: Beastly Appendage |     4 |       |       ||     4
       Wereblood         |     1 |     3 |     6 ||    10
       Ice Form          |       |     2 |     6 ||     8
       Spider Form       |       |     1 |       ||     1
 Abil: Breathe Lightning |       |       |     1 ||     1
Evoke: Phantom mirror    |       |     1 |       ||     1
  Use: Potion            |     4 |       |     3 ||     7
       Scroll            |       |     1 |       ||     1
 Stab: Sleeping          |     2 |     2 |     3 ||     7
Armor: Skin              |     8 |     6 |    18 ||    32
Dodge: Dodged            |    12 |    13 |    39 ||    64

Table legend: (Time is in decaauts)
 A = Elapsed time spent in this place.
 B = Non-inter-level travel time spent in this place.
 C = Inter-level travel time spent in this place.
 D = Time resting spent in this place.
 E = Time spent auto-exploring this place.
 F = Levels seen in this place.
 G = Mean time per level.
                   A        B        C        D        E       F      G
               +--------+--------+--------+--------+--------+-----+--------+
         Total |   1963 |   1963 |      0 |   1491 |      1 |   1 | 1963.0 |
       Dungeon |   1963 |   1963 |      0 |   1491 |      1 |   1 | 1963.0 |
               +--------+--------+--------+--------+--------+-----+--------+

Top non-repeatable levels by time:
       D: 1963 daAuts
